 Dungeon Crawl Stone Soup version 0.24.0 (webtiles) character file.

Game seed: 15157467867830966876, levelgen mode: deterministic

1256 Mrkan the Archer (level 8, -16/70 HPs)
             Began as a Centaur Hunter on Oct 25, 2019.
             Demolished by an ogre
             ... wielding a +0 giant club
              (24 damage)
             ... on level 6 of the Dungeon.
             The game lasted 00:18:01 (5513 turns).

Mrkan the Archer (Centaur Hunter)                   Turns: 5513, Time: 00:18:01

Health: -16/70     AC:  8    Str: 17    XL:     8   Next: 26%
Magic:  8/8        EV:  3    Int: 10    God:
Gold:   263        SH:  0    Dex: 10    Spells: 7/7 levels left

rFire    . . .     SeeInvis .   y - +2 trident (distort)
rCold    . . .     Gourm    .   (no shield)
rNeg     . . .     Faith    .   k - +0 plate armour
rPois    .         Spirit   .   (no helmet)
rElec    .         Reflect  .   (no cloak)
rCorr    .         Harm     .   (no gloves)
MR       .....                  (no barding)
Stlth    ..........             (no amulet)
HPRegen  0.21/turn              (no ring)
MPRegen  0.11/turn              (no ring)

@: very quick
A: large, hooves 3, deformed body, speed 2, tough skin 3
a: no special abilities


You were on level 6 of the Dungeon.
You were not hungry.

You visited 2 branches of the dungeon, and saw 7 of its levels.

You collected 263 gold pieces.

Inventory:

Hand Weapons
 a - a +1 shortbow
 b - a +0 short sword
 m - a +0 trident
 y - a +2 trident of distortion (weapon)
Missiles
 d - 15 arrows
 g - 274 stones (quivered)
 s - 6 poisoned darts
Armour
 c - a +0 leather armour
 k - a +0 plate armour (worn)
 q - a +0 helmet
 v - a +2 hat
Magical Staves
 C - an uncursed staff of air {unknown}
Jewellery
 o - an uncursed ring of positive energy
Wands
 n - a wand of digging (7)
 p - a wand of random effects (23)
 x - a wand of flame (10)
Scrolls
 e - 2 scrolls of remove curse
 l - a scroll of fog {unknown}
 t - 2 scrolls of blinking {unknown}
 u - 3 scrolls of fear
 w - 2 scrolls of teleportation {unknown}
Potions
 i - a potion of resistance
 j - a potion of haste
 r - a potion of might
 z - a potion of degeneration
 B - a potion of berserk rage {unknown}
Comestibles
 f - 8 rations
 h - 7 chunks of flesh


   Skills:
 + Level 6.0 Fighting
 * Level 1.9 Polearms
 - Level 11.1 Bows
 + Level 1.0 Armour
 - Level 1.3 Dodging
 - Level 0.4 Stealth


You had 7 spell levels left.
You didn't know any spells.
Your spell library was empty.

Dungeon Overview and Level Annotations

Branches:
Dungeon (6/15)             Temple (1/1) D:5

Altars:
Ashenzari
Cheibriados
Dithmenos
Hepliaklqana
Kikubaaqudgha
Makhleb
Nemelex Xobeh
Okawaru
Qazlal
Ru
Sif Muna
Uskayaw
Wu Jian
Yredelemnul
Zin
The Shining One

Shops:
D:4 *(   D:5 ?   D:6 *


Innate Abilities, Weirdness & Mutations

You have hooves in place of feet.
Armour fits poorly on your strangely shaped body.
You cover ground very quickly.
You have extremely tough skin. (AC +3)


Message History

Things that are here:
3 chunks of flesh; an iguana skeleton
h - 7 chunks of flesh (gained 3)
Found a club.
Attack whom?
Press: ? - help, Dir - move target cursor, f - ogre
Aim: an ogre, wielding a +0 giant club You reach to attack!
Your plate armour prevents you from hitting the ogre.
The ogre hits you with a +0 giant club!!
* * * LOW HITPOINT WARNING * * *
Found an escape hatch in the ceiling.
Okay, then.
Attack whom?
Press: ? - help, Dir - move target cursor, f/p - ogre
Aim: an ogre, wielding a +0 giant club You reach to attack!
You hit the ogre.
Space bends around the ogre.
The ogre is lightly wounded.
The ogre hits you with a +0 giant club!!
You die...

### ### ######.### ###
#..###...##...## ##.####
##.........O@...# #.....##
#........#.##...####......#
#..#....####......##.....#
#.#....# #...##..†.....##
###..)...####......#....##.#
#.<....O##....#..#.#.......#
#.............#.##.#.>.....#
#...##..........#..#......###
..........O<.............###.


You could see an ogre.

Vanquished Creatures
  Sigmund (D:2)
  Menkaure (D:6)
  2 sky beasts (D:5)
  A phantom (D:4)
  A bullfrog (D:5)
  A scorpion (D:5)
  A bullfrog zombie (D:5)
  A crimson imp (D:5)
  A hound (D:5)
  3 orc wizards
  An orc priest (D:5)
  Ijyb (D:4)
  Natasha (twice) (D:2)
  An iguana (D:6)
  Terence (D:2)
  5 worker ants
  A worker ant zombie (D:6)
  A howler monkey skeleton (D:4)
  4 adders
  A shadow imp (D:6)
  An ooze (D:3)
  An adder skeleton (D:6)
  A dart slug (D:1)
  15 orcs
  3 ball pythons
  4 giant cockroaches
  11 goblins
  5 hobgoblins
  4 jackals (D:1)
  6 kobolds
  6 bats
  6 frilled lizards
  A giant cockroach zombie (D:5)
  A jackal skeleton (D:4)
  A quokka skeleton (D:4)
  6 rats
103 creatures vanquished.

Notes
Turn   | Place    | Note
-------+----------+-------------------------------------------
     0 | D:1      | Mrkan the Centaur Hunter began the quest for the Orb.
     0 | D:1      | Reached XP level 1. HP: 17/17 MP: 1/1
   165 | D:1      | Reached XP level 2. HP: 20/24 MP: 2/2
   442 | D:1      | Reached skill level 6 in Bows
   658 | D:2      | Noticed Sigmund
   668 | D:2      | Killed Sigmund
   668 | D:2      | Reached skill level 7 in Bows
   668 | D:2      | Reached XP level 3. HP: 24/31 MP: 3/3
   668 | D:2      | Reached XP level 4. HP: 29/38 MP: 4/4
   668 | D:2      | Reached XP level 5. HP: 35/45 MP: 5/5
  1118 | D:2      | Found a shimmering blue altar of Sif Muna.
  1158 | D:2      | Noticed Terence
  1169 | D:2      | Killed Terence
  1169 | D:2      | Reached skill level 8 in Bows
  1180 | D:2      | Noticed Natasha
  1201 | D:2      | Killed Natasha
  1234 | D:2      | Noticed Natasha
  1258 | D:2      | Killed Natasha
  1594 | D:3      | Reached XP level 6. HP: 47/52 MP: 6/6
  1946 | D:3      | Found a glowing golden altar of the Shining One.
  2567 | D:4      | Found Yvvazul's Antique Weapon Emporium.
  2923 | D:4      | Reached skill level 9 in Bows
  2951 | D:4      | Noticed Ijyb
  2986 | D:4      | Killed Ijyb
  3365 | D:4      | Reached XP level 7. HP: 46/60 MP: 7/7
  3429 | D:4      | Found an ornate altar of the Wu Jian Council.
  3483 | D:4      | Found an ancient bone altar of Kikubaaqudgha.
  3526 | D:4      | Found Gosuaz's Assorted Antiques.
  3621 | D:5      | Entered Level 5 of the Dungeon
  3727 | D:5      | Reached skill level 5 in Fighting
  3727 | D:5      | Reached skill level 10 in Bows
  3741 | D:5      | Found a staircase to the Ecumenical Temple.
  3766 | D:5      | Found a glowing silver altar of Zin.
  3766 | D:5      | Found a burning altar of Makhleb.
  3767 | D:5      | Noticed a blizzard demon
  3767 | D:5      | Noticed an angel
  3797 | Temple   | Entered the Ecumenical Temple
  3981 | D:5      | Found Gainow's Magic Scroll Boutique.
  5062 | D:5      | Reached skill level 11 in Bows
  5076 | D:5      | Reached XP level 8. HP: 19/69 MP: 8/8
  5366 | D:6      | Found Fuuves's Assorted Antiques.
  5387 | D:6      | Noticed Menkaure
  5396 | D:6      | Killed Menkaure
  5396 | D:6      | Reached skill level 1 in Polearms
  5399 | D:6      | Found a stormy altar of Qazlal.
  5455 | D:6      | Reached skill level 1 in Armour
  5513 | D:6      | Demolished by an ogre

Levels and vault maps discovered:
D:1:      minmay_arrival_radiant_lines, layout_basic
D:2:      layout_basic, led_sif_pool, uniq_terence, uniq_sigmund, uniq_natasha
D:3:      cheibrodos_greedy_goblins, layout_basic, lemuel_crystal_altar,
          minmay_circle_x
D:4:      layout_rooms, old_standard_altar, old_standard_altar, serial_shops,
          shop_statue, nicolae_shop_behind_doors, uniq_ijyb
D:5:      layout_loops_corners, grunt_temple_overflow_order_and_chaos_2,
          temple_doors_e, first_ration, serial_shops, nicolae_shop_stone
D:6:      layout_cave_pools, vehumet_statue, grunt_qazlal_sundering,
          serial_shops, shop_fountains, uniq_menkaure, uniq_grinder
Temple:   compressed_dpeg_triangle_lava_temple
